MLB
SEATTLE MARINERS @ CHICAGO WHITE SOX
02/24/2020
 
TOP OF THE 1ST
Seattle Mariners batting - Pitching for Chicago White Sox : LHP Anderson Severino
Pitching: LHP Anderson Severino
Batting: RHB Elvis Andrus 0-0: Ball
1-0: Called Strike
1-1: Foul Ball, location: 2F
1-2: Strikes out looking
Batting: LHB Brandon Nimmo 0-0: Ball
1-0: Called Strike
1-1: Foul Ball, location: 2F
1-2: Ball
2-2: Ball
3-2: Ground out 4-3 (Groundball, 4, EV 86.3 MPH)
Batting: RHB Manny Machado 0-0: Foul Ball, location: 2F
0-1: Ball
1-1: Ball
2-1: Ball
3-1: Foul Ball, location: 2F
3-2: Fly out, F7 (Flyball, 78M, EV 82.5 MPH)
Top of the 1st over - 0 runs, 0 hits, 0 errors, 0 left on base; Seattle 0 - Chicago 0
BOTTOM OF THE 1ST
Chicago White Sox batting - Pitching for Seattle Mariners : LHP Anthony Banda
Pitching: LHP Anthony Banda
Batting: LHB Zack Granite 0-0: Ball
1-0: Ground out 1-3 (Groundball, 13S, EV 64.4 MPH)
Batting: RHB Drew Jackson 0-0: Swinging Strike
0-1: Swinging Strike
0-2: Ball
1-2: Ball
2-2: Strikes out swinging
Batting: RHB Todd Frazier 0-0: Called Strike
0-1: Called Strike
0-2: Foul Ball, location: 2F
0-2: Ball
1-2: Strikes out swinging
Bottom of the 1st over - 0 runs, 0 hits, 0 errors, 0 left on base; Seattle 0 - Chicago 0
TOP OF THE 2ND
Seattle Mariners batting - Pitching for Chicago White Sox : LHP Anderson Severino
Pitching: RHP Niko Decolati
Batting: RHB Mitch Haniger 0-0: Ball
1-0: Foul Ball, location: 2F
1-1: Called Strike
1-2: Foul Ball, location: 2F
1-2: Ball
2-2: Ball
3-2: Ground out 5-3 (Groundball, 56S, EV 86.9 MPH)
Batting: SHB Justin Smoak 0-0: Swinging Strike
0-1: Ball
1-1: Foul Ball, location: 2F
1-2: Ball
2-2: Foul Ball, location: 2F
2-2: Ball
3-2: Foul Ball, location: 2F
3-2: Foul Ball, location: 2F
3-2: SINGLE (Groundball, 3S, EV 69.4 MPH) (infield hit)
Batting: RHB Yoenis Cespedes 0-0: Ball
1-0: Ball
2-0: Ball
Wild Pitch!
Justin Smoak to second
3-0: Called Strike
3-1: Base on Balls
Batting: RHB Tyler O'Neill 0-0: Called Strike
0-1: Ball
1-1: Ball
2-1: DOUBLE (Line Drive, 78D, EV 102.5 MPH)
Justin Smoak scores
Yoenis Cespedes to third
Runner from 3rd tries for Home, SAFE, no throw by CF
Pitching: RHP Kurt Hoekstra
Batting: RHB Brian Dozier 0-0: Swinging Strike
0-1: Ground out 1-3 (Groundball, 15S, EV 67.5 MPH)
Batting: RHB Willians Astudillo 0-0: Ball
1-0: Ball
2-0: Foul Ball, location: 2F
2-1: Called Strike
2-2: Strikes out looking
Top of the 2nd over - 2 runs, 2 hits, 0 errors, 1 left on base; Seattle 2 - Chicago 0
BOTTOM OF THE 2ND
Chicago White Sox batting - Pitching for Seattle Mariners : LHP Anthony Banda
Batting: LHB Stephen Vogt 0-0: Foul Ball, location: 2F
0-1: Ball
1-1: Called Strike
1-2: Ball
2-2: Fly out, F7 (Line Drive, 7D, EV 92.5 MPH)
Batting: LHB Brandon Belt 0-0: Ball
1-0: Ground out 6-3 (Groundball, 6, EV 90.6 MPH)
Batting: RHB Wilfredo Tovar 0-0: SINGLE (Line Drive, 56D, EV 96.9 MPH)
Batting: LHB Andrew Toles 0-0: Ball
1-0: Foul Ball, location: 2F
1-1: Ball
2-1: Ground out 4-3 (Groundball, 34, EV 110.0 MPH)
Bottom of the 2nd over - 0 runs, 1 hit, 0 errors, 1 left on base; Seattle 2 - Chicago 0
TOP OF THE 3RD
Seattle Mariners batting - Pitching for Chicago White Sox : RHP Kurt Hoekstra
Batting: RHB Elvis Andrus 0-0: Swinging Strike
0-1: Called Strike
0-2: Strikes out swinging
Batting: LHB Brandon Nimmo 0-0: Ball
1-0: Foul Ball, location: 2F
1-1: Ball
2-1: Swinging Strike
2-2: Foul Ball, location: 2F
2-2: Strikes out swinging
Batting: RHB Manny Machado 0-0: Ball
1-0: Ball
2-0: Ball
3-0: Called Strike
3-1: Base on Balls
Batting: RHB Mitch Haniger 0-0: DOUBLE (Groundball, 5L, EV 105.6 MPH)
Manny Machado to third
Runner from 3rd tries for Home, throw by LF and OUT! 7-6-2
Top of the 3rd over - 0 runs, 1 hit, 0 errors, 1 left on base; Seattle 2 - Chicago 0
BOTTOM OF THE 3RD
Chicago White Sox batting - Pitching for Seattle Mariners : LHP Anthony Banda
Batting: LHB Nick Gordon 0-0: Ball
1-0: Ball
2-0: SINGLE (Groundball, 4D, EV 96.3 MPH)
Batting: LHB Charlie Tilson 0-0: Ball
1-0: Ball
Nick Gordon steals 2nd base
2-0: Foul Ball, location: 2F
2-1: DOUBLE (Flyball, 78D, EV 93.1 MPH)
Nick Gordon scores
Pinch Runner at 2nd Jason Heyward:
Batting: LHB Zack Granite 0-0: Ball
1-0: Ground out 4-3 (Groundball, 4, EV 84.4 MPH)
Jason Heyward to third
Batting: RHB Drew Jackson 0-0: Ball
1-0: Called Strike
1-1: Foul Ball, location: 2F
1-2: Hit by Pitch
Batting: RHB Todd Frazier 0-0: Foul Ball, location: 2F
0-1: Swinging Strike
0-2: SINGLE (Groundball, 15S, EV 72.5 MPH) (infield hit)
Drew Jackson to second
Batting: LHB Stephen Vogt 0-0: Swinging Strike
0-1: Ball
1-1: Ball
2-1: Ball
3-1: Called Strike
3-2: Base on Balls
Jason Heyward scores
Drew Jackson to third
Todd Frazier to second
Batting: LHB Brandon Belt 0-0: Called Strike
0-1: Ball
1-1: Swinging Strike
1-2: Ball
2-2: Strikes out swinging
Batting: RHB Wilfredo Tovar 0-0: Called Strike
0-1: Fielders Choice at 2nd, 5-4 (Groundball, 56, EV 89.4 MPH)
Bottom of the 3rd over - 2 runs, 3 hits, 0 errors, 3 left on base; Seattle 2 - Chicago 2
TOP OF THE 4TH
Seattle Mariners batting - Pitching for Chicago White Sox : RHP Kurt Hoekstra
Now in RF: Jason Heyward
Batting: SHB Justin Smoak 0-0: Ball
1-0: Ball
2-0: Swinging Strike
2-1: Ball
3-1: Base on Balls
Batting: RHB Yoenis Cespedes 0-0: Called Strike
0-1: Called Strike
0-2: Ball
1-2: Strikes out looking
Pitching: RHP Julian Fernandez
Batting: RHB Tyler O'Neill 0-0: Ball
1-0: SINGLE (Line Drive, 7S, EV 89.4 MPH)
Justin Smoak to second
Batting: RHB Brian Dozier 0-0: Swinging Strike
0-1: Ball
1-1: Ball
2-1: Grounds into double play, 6-4-3 (Groundball, 6, EV 87.5 MPH)
Top of the 4th over - 0 runs, 1 hit, 0 errors, 1 left on base; Seattle 2 - Chicago 2
BOTTOM OF THE 4TH
Chicago White Sox batting - Pitching for Seattle Mariners : LHP Anthony Banda
Batting: LHB Andrew Toles 0-0: Foul Ball, location: 2F
0-1: Foul Ball, location: 2F
0-2: Foul Ball, location: 2F
0-2: Ball
1-2: Ball
2-2: Strikes out swinging
Batting: LHB Nick Gordon 0-0: Ball
1-0: Fly out, F9 (Flyball, 9LM, EV 96.9 MPH)
Batting: LHB Jason Heyward 0-0: Ball
1-0: Fly out, F9 (Line Drive, 9, EV 91.9 MPH)
Bottom of the 4th over - 0 runs, 0 hits, 0 errors, 0 left on base; Seattle 2 - Chicago 2
TOP OF THE 5TH
Seattle Mariners batting - Pitching for Chicago White Sox : RHP Julian Fernandez
Batting: RHB Willians Astudillo 0-0: Called Strike
0-1: Swinging Strike
0-2: Ball
1-2: Fly out, F7 (Flyball, 7LS, EV 90.6 MPH)
Batting: RHB Elvis Andrus 0-0: Called Strike
0-1: Ground out 1-3 (Groundball, 15S, EV 68.1 MPH)
Batting: LHB Brandon Nimmo 0-0: Called Strike
0-1: Called Strike
0-2: Ball
1-2: Ball
2-2: Ground out 4-3 (Groundball, 4, EV 79.4 MPH)
Top of the 5th over - 0 runs, 0 hits, 0 errors, 0 left on base; Seattle 2 - Chicago 2
BOTTOM OF THE 5TH
Chicago White Sox batting - Pitching for Seattle Mariners : LHP Anthony Banda
Pitching: RHP Brandon Kintzler
Batting: LHB Zack Granite 0-0: Called Strike
0-1: Called Strike
0-2: Ground out 6-3 (Groundball, 6MS, EV 88.1 MPH)
Batting: RHB Drew Jackson 0-0: Called Strike
0-1: Ball
1-1: Ball
2-1: Swinging Strike
2-2: Ball
3-2: Foul Ball, location: 2F
3-2: Strikes out swinging
Batting: RHB Todd Frazier 0-0: Ball
1-0: SINGLE (Groundball, 56D, EV 105.6 MPH)
Batting: LHB Stephen Vogt 0-0: Swinging Strike
0-1: Ball
1-1: Foul Ball, location: 2F
1-2: Foul Ball, location: 2F
1-2: Foul Ball, location: 2F
1-2: Ball
2-2: Ground out 4-3 (Groundball, 4, EV 89.4 MPH)
Bottom of the 5th over - 0 runs, 1 hit, 0 errors, 1 left on base; Seattle 2 - Chicago 2
TOP OF THE 6TH
Seattle Mariners batting - Pitching for Chicago White Sox : RHP Julian Fernandez
Batting: RHB Manny Machado 0-0: Ball
1-0: Foul Ball, location: 2F
1-1: DOUBLE (Line Drive, 78D, EV 106.9 MPH)
Batting: RHB Mitch Haniger 0-0: Called Strike
0-1: Ball
1-1: Swinging Strike
1-2: Foul Ball, location: 2F
1-2: Ball
Wild Pitch!
Manny Machado to third
2-2: 2-RUN HOME RUN (Flyball, 78XD, EV 102.5 MPH), Distance : 464 ft
Batting: SHB Justin Smoak 0-0: Called Strike
0-1: Ball
1-1: Swinging Strike
1-2: Foul Ball, location: 2F
1-2: Ball
2-2: Foul Ball, location: 2F
2-2: Strikes out swinging
Batting: RHB Yoenis Cespedes 0-0: Called Strike
0-1: Called Strike
0-2: Ground out 6-3 (Groundball, 6, EV 107.5 MPH)
Batting: RHB Tyler O'Neill 0-0: Ball
1-0: Ball
2-0: Called Strike
2-1: Ball
3-1: Swinging Strike
3-2: Base on Balls
Pitching: RHP Addison Reed
Batting: RHB Brian Dozier 0-0: Ball
1-0: Fly out, F9 (Flyball, 89XD, EV 106.9 MPH)
Top of the 6th over - 2 runs, 2 hits, 0 errors, 1 left on base; Seattle 4 - Chicago 2
BOTTOM OF THE 6TH
Chicago White Sox batting - Pitching for Seattle Mariners : RHP Brandon Kintzler
Batting: LHB Brandon Belt 0-0: Called Strike
0-1: Ball
1-1: Foul Ball, location: 2F
1-2: Ball
2-2: Foul Ball, location: 2F
2-2: Fly out, F2 (Popup, 5SF, EV 74.4 MPH)
Batting: RHB Wilfredo Tovar 0-0: Ball
1-0: Ball
2-0: Fly out, F9 (Flyball, 89M, EV 77.5 MPH)
Batting: LHB Andrew Toles 0-0: Ball
1-0: Ball
2-0: Ground out 2-3 (Groundball, 15S, EV 66.9 MPH)
Bottom of the 6th over - 0 runs, 0 hits, 0 errors, 0 left on base; Seattle 4 - Chicago 2
TOP OF THE 7TH
Seattle Mariners batting - Pitching for Chicago White Sox : RHP Addison Reed
Batting: RHB Willians Astudillo 0-0: Fly out, F5 (Line Drive, 5, EV 65.6 MPH)
Pinch Hitting: LHB Eric Sogard 0-0: Ball
1-0: Ball
2-0: Swinging Strike
2-1: SINGLE (Groundball, 34D, EV 102.5 MPH)
Pinch Hitting: SHB Buddy Reed 0-0: Ball
1-0: Called Strike
1-1: Fielders Choice at 2nd, 3-6 (Groundball, 3, EV 89.4 MPH)
Pinch Hitting: RHB Masayuki Yoshioka 0-0: Ball
Buddy Reed is caught stealing 2nd base 2-4
Top of the 7th over - 0 runs, 1 hit, 0 errors, 0 left on base; Seattle 4 - Chicago 2
BOTTOM OF THE 7TH
Chicago White Sox batting - Pitching for Seattle Mariners : RHP Brandon Kintzler
Pitching: RHP Walker Lockett
Now at 3B: Masayuki Yoshioka
Now at SS: Leury Garcia
Now in CF: Buddy Reed
Batting: LHB Nick Gordon 0-0: Swinging Strike
0-1: Hit by Pitch
Batting: LHB Jason Heyward 0-0: Ball
1-0: Called Strike
1-1: Ball
2-1: Fly out, F9 (Flyball, 9, EV 89.4 MPH)
Pinch Hitting: RHB Ryan Cordell 0-0: Ball
1-0: Fly out, F8 (Line Drive, 8RM, EV 95.6 MPH)
Batting: RHB Drew Jackson 0-0: Called Strike
0-1: Ball
1-1: Ball
2-1: Foul Ball, location: 2F
2-2: Fielders Choice at 2nd, 5-4 (Groundball, 56, EV 81.9 MPH)
Bottom of the 7th over - 0 runs, 0 hits, 0 errors, 1 left on base; Seattle 4 - Chicago 2
TOP OF THE 8TH
Seattle Mariners batting - Pitching for Chicago White Sox : RHP Addison Reed
Pitching: LHP Blake Weiman
Now in RF: Ryan Cordell
Batting: RHB Masayuki Yoshioka 0-0: Swinging Strike
0-1: Called Strike
0-2: Strikes out swinging
Pinch Hitting: RHB DJ Peters 0-0: Ball
1-0: Called Strike
1-1: Swinging Strike
1-2: Ball
2-2: Strikes out looking
Pinch Hitting: LHB Rowdy Tellez 0-0: Fly out, F5 (Popup, 5SF, EV 61.3 MPH)
Top of the 8th over - 0 runs, 0 hits, 0 errors, 0 left on base; Seattle 4 - Chicago 2
BOTTOM OF THE 8TH
Chicago White Sox batting - Pitching for Seattle Mariners : RHP Walker Lockett
Now at 1B: Jacob Nottingham
Now in RF: DJ Peters
Batting: RHB Todd Frazier 0-0: Ball
1-0: Ball
2-0: SINGLE (Line Drive, 4M, EV 97.5 MPH)
Batting: LHB Stephen Vogt 0-0: Fly out, F8 (Flyball, 8LM, EV 85.6 MPH)
Batting: LHB Brandon Belt 0-0: Called Strike
0-1: Ball
1-1: Foul Ball, location: 2F
1-2: Ball
2-2: Foul Ball, location: 2F
2-2: Foul Ball, location: 2F
2-2: Grounds into double play, 4-6-3 (Groundball, 4, EV 80.6 MPH)
Bottom of the 8th over - 0 runs, 1 hit, 0 errors, 0 left on base; Seattle 4 - Chicago 2
TOP OF THE 9TH
Seattle Mariners batting - Pitching for Chicago White Sox : LHP Blake Weiman
Pitching: RHP Jacob Rhame
Pinch Hitting: SHB Anthony Santander 0-0: Swinging Strike
0-1: Called Strike
0-2: Foul Ball, location: 2F
0-2: Foul Ball, location: 2F
0-2: Ball
1-2: Ball
2-2: Fly out, F8 (Flyball, 8LS, EV 82.5 MPH)
Batting: LHB Shin-Soo Choo 0-0: Ball
1-0: Called Strike
1-1: Swinging Strike
1-2: SINGLE (Line Drive, 78S, EV 105.6 MPH)
Batting: RHB Brian Dozier 0-0: Called Strike
0-1: Foul Ball, location: 2F
0-2: Foul Ball, location: 2F
0-2: Foul Ball, location: 2F
0-2: Strikes out looking
Pinch Hitting: SHB Jonah Heim 0-0: Ball
1-0: Ground out 4-3 (Groundball, 34, EV 79.4 MPH)
Top of the 9th over - 0 runs, 1 hit, 0 errors, 1 left on base; Seattle 4 - Chicago 2
BOTTOM OF THE 9TH
Chicago White Sox batting - Pitching for Seattle Mariners : RHP Walker Lockett
Now at C: Jonah Heim
Now in LF: Anthony Santander
Batting: RHB Wilfredo Tovar 0-0: Ground out 4-3 (Groundball, 4, EV 80.0 MPH)
Pinch Hitting: RHB Jose Almonte 0-0: Fly out, F8 (Flyball, 78D, EV 103.1 MPH)
Batting: RHB Jose Trevino 0-0: Ball
1-0: Ball
2-0: Ball
3-0: Base on Balls
Batting: LHB Jason Heyward 0-0: Called Strike
0-1: Ball
1-1: Ball
2-1: Foul Ball, location: 2F
2-2: Foul Ball, location: 2F
2-2: SINGLE (Flyball, 89S, EV 86.3 MPH)
Jose Trevino to second
Batting: RHB Ryan Cordell 0-0: Fly out, F8 (Flyball, 8RD, EV 106.3 MPH)
Bottom of the 9th over - 0 runs, 1 hit, 0 errors, 2 left on base; Seattle 4 - Chicago 2
Friday, May 1st, 2020 - OOTP Baseball 21.3 Build 45